[ AOE2 MATCH · #505584083 ]
UnrankedVietnamese vs Wu
Player's team · LOSS
Rival team · WIN
[ REPLAY ANALYSIS · EXTRACTED FROM THE RECORDED GAME ]
Feudal
9:01
Castle
23:56
Imperial
—
| APM avg | 63.3 |
| APM peak | 102 |
| eAPM avg | 26.7 |
| Villagers / military | 84 / 62 |
Focus
⚔️ 41.1% · 🌾 58.9%
Archer ×23 · Spearman ×14 · Skirmisher ×13 · Cavalry Archer ×7 · Militia ×3 · Mangonel ×2
Feudal
9:44
Castle
36:20
Imperial
—
| APM avg | 83.7 |
| APM peak | 123 |
| eAPM avg | 33.4 |
| Villagers / military | 82 / 102 |
Focus
⚔️ 41.2% · 🌾 58.8%
Scout Cavalry ×56 · Archer ×41 · Battering Ram ×5 · Unknown (1944) ×3
Match map
Initial resources + every placement click. Lines = walls · curves = elevation contours. ◆ gold · ⬟ stone · ● berries · ✦ relic · ◌ wall gap
Your base· Open — unwalled flank
rayklin's base· Open — 4t gap
Smoothed initial terrain · ◌ = detected wall gap · hover for details
Inputs per minute
— Chimirindo - - rayklin
Build order — Chimirindo
First 150 of 237 actions detected
| 0:00 | Create | Villager (Male) |
| 0:00 | Create | Villager (Male) |
| 0:01 | Create | Villager (Male) |
| 0:02 | Build | House |
| 0:03 | Build | House |
| 0:16 | Create | Villager (Male) |
| 1:26 | Create | Villager (Male) |
| 1:59 | Create | Villager (Male) |
| 2:09 | Build | Lumber Camp |
| 2:23 | Create | Villager (Male) |
| 2:23 | Create | Villager (Male) |
| 2:37 | Create | Villager (Male) |
| 3:15 | Create | Villager (Male) |
| 3:20 | Create | Villager (Male) |
| 3:53 | Build | House |
| 4:07 | Create | Villager (Male) |
| 4:08 | Build | House |
| 4:32 | Create | Villager (Male) |
| 4:58 | Create | Villager (Male) |
| 5:19 | Create | Villager (Male) |
| 5:46 | Create | Villager (Male) |
| 5:55 | Build | Barracks |
| 6:11 | Research | Loom |
| 6:51 | Research | Feudal Age |
| 7:03 | Create | Militia |
| 7:07 | Build | Mining Camp |
| 7:23 | Create | Militia |
| 7:40 | Create | Militia |
| 7:51 | Create | Villager (Male) |
| 7:53 | Build | Mill |
| 7:59 | Build | House |
| 8:20 | Create | Villager (Male) |
| 9:01 | Age | Feudal Age |
| 9:04 | Research | Man-at-Arms (upgrade) |
| 9:07 | Build | House |
| 9:35 | Create | Villager (Male) |
| 9:41 | Create | Villager (Male) |
| 10:00 | Build | Farm |
| 10:03 | Build | Archery Range |
| 10:19 | Create | Villager (Male) |
| 10:42 | Build | Mill |
| 10:44 | Create | Villager (Male) |
| 11:01 | Create | Villager (Male) |
| 11:20 | Create | Archer |
| 11:24 | Build | House |
| 11:31 | Build | Farm |
| 11:33 | Build | Farm |
| 11:34 | Create | Villager (Male) |
| 11:47 | Create | Spearman |
| 11:54 | Create | Villager (Male) |
| 11:56 | Build | House |
| 12:19 | Create | Villager (Male) |
| 12:29 | Create | Archer |
| 12:33 | Create | Spearman |
| 12:44 | Create | Archer |
| 12:47 | Build | Farm |
| 12:51 | Build | Farm |
| 12:53 | Create | Villager (Male) |
| 13:03 | Create | Villager (Male) |
| 13:05 | Build | House |
| 13:13 | Create | Spearman |
| 13:37 | Create | Villager (Male) |
| 13:38 | Create | Archer |
| 13:51 | Create | Villager (Male) |
| 13:55 | Build | Farm |
| 14:05 | Create | Spearman |
| 14:27 | Create | Villager (Male) |
| 14:34 | Build | Farm |
| 14:58 | Create | Villager (Male) |
| 14:59 | Build | Farm |
| 15:03 | Build | Blacksmith |
| 15:10 | Create | Archer |
| 15:20 | Create | Villager (Male) |
| 15:21 | Create | Archer |
| 15:35 | Build | House |
| 15:37 | Build | Palisade Wall |
| 15:40 | Create | Villager (Male) |
| 15:54 | Build | Farm |
| 15:59 | Build | Farm |
| 16:15 | Create | Villager (Male) |
| 16:21 | Build | Farm |
| 16:21 | Build | Farm |
| 16:22 | Build | Farm |
| 16:23 | Create | Archer |
| 16:29 | Create | Spearman |
| 16:32 | Research | Fletching |
| 16:47 | Build | Farm |
| 16:48 | Create | Villager (Male) |
| 17:11 | Create | Villager (Male) |
| 17:12 | Create | Archer |
| 17:22 | Build | Farm |
| 17:26 | Create | Archer |
| 17:33 | Build | Palisade Wall |
| 17:35 | Create | Archer |
| 17:52 | Create | Archer |
| 17:53 | Create | Villager (Male) |
| 17:53 | Create | Villager (Male) |
| 18:08 | Build | Archery Range |
| 18:20 | Create | Archer |
| 18:23 | Create | Spearman |
| 18:38 | Create | Villager (Male) |
| 18:40 | Create | Archer |
| 18:56 | Create | Villager (Male) |
| 19:02 | Build | Farm |
| 19:06 | Create | Villager (Male) |
| 19:15 | Build | Farm |
| 19:17 | Create | Spearman |
| 19:20 | Create | Archer |
| 19:21 | Create | Archer |
| 19:35 | Create | Villager (Male) |
| 19:36 | Create | Archer |
| 19:36 | Create | Archer |
| 19:47 | Create | Villager (Male) |
| 20:08 | Create | Villager (Male) |
| 20:16 | Create | Archer |
| 20:16 | Create | Archer |
| 20:20 | Build | Farm |
| 20:24 | Build | Farm |
| 20:35 | Create | Villager (Male) |
| 20:59 | Build | Farm |
| 21:16 | Research | Castle Age |
| 21:19 | Create | Skirmisher |
| 21:19 | Create | Skirmisher |
| 21:26 | Build | Farm |
| 21:28 | Create | Villager (Male) |
| 21:32 | Create | Skirmisher |
| 21:32 | Create | Skirmisher |
| 21:36 | Build | House |
| 21:49 | Build | Palisade Wall |
| 21:50 | Build | Palisade Wall |
| 21:56 | Build | Farm |
| 22:00 | Build | House |
| 22:03 | Create | Skirmisher |
| 22:03 | Create | Skirmisher |
| 22:13 | Create | Skirmisher |
| 22:20 | Create | Skirmisher |
| 22:31 | Research | Padded Archer Armor |
| 22:39 | Create | Villager (Male) |
| 22:53 | Create | Spearman |
| 22:57 | Create | Villager (Male) |
| 23:03 | Create | Skirmisher |
| 23:04 | Create | Skirmisher |
| 23:06 | Create | Spearman |
| 23:23 | Create | Archer |
| 23:24 | Create | Skirmisher |
| 23:24 | Create | Skirmisher |
| 23:35 | Build | House |
| 23:37 | Build | House |
| 23:39 | Build | Palisade Wall |
| 23:41 | Build | House |
Build order — rayklin
First 150 of 341 actions detected
| 0:01 | Create | Villager (Male) |
| 0:02 | Build | House |
| 0:02 | Build | House |
| 0:04 | Build | House |
| 0:06 | Create | Villager (Male) |
| 0:12 | Create | Villager (Male) |
| 0:20 | Create | Villager (Male) |
| 1:17 | Create | Villager (Male) |
| 1:38 | Create | Villager (Male) |
| 1:38 | Create | Villager (Male) |
| 1:44 | Build | Lumber Camp |
| 2:07 | Create | Villager (Male) |
| 2:08 | Create | Villager (Male) |
| 2:39 | Create | Villager (Male) |
| 2:54 | Create | Villager (Male) |
| 3:28 | Create | Villager (Male) |
| 3:29 | Create | Villager (Male) |
| 3:49 | Build | House |
| 3:50 | Create | Villager (Male) |
| 3:53 | Create | Villager (Male) |
| 3:54 | Create | Villager (Male) |
| 4:17 | Build | Mill |
| 4:21 | Create | Villager (Male) |
| 4:29 | Create | Villager (Male) |
| 4:38 | Create | Villager (Male) |
| 4:54 | Create | Villager (Male) |
| 6:08 | Build | House |
| 6:42 | Create | Villager (Male) |
| 6:44 | Research | Loom |
| 7:01 | Build | Mill |
| 7:34 | Research | Feudal Age |
| 7:34 | Research | Feudal Age |
| 7:35 | Research | Feudal Age |
| 8:15 | Build | House |
| 8:23 | Create | Villager (Male) |
| 8:45 | Build | Barracks |
| 9:02 | Create | Villager (Male) |
| 9:41 | Build | Palisade Wall |
| 9:44 | Age | Feudal Age |
| 9:47 | Build | Palisade Wall |
| 9:50 | Build | Stable |
| 9:53 | Research | Double-Bit Axe |
| 9:54 | Create | Villager (Male) |
| 10:03 | Build | Palisade Gate |
| 10:06 | Build | Palisade Wall |
| 10:12 | Create | Villager (Male) |
| 10:26 | Build | Farm |
| 10:28 | Build | Farm |
| 10:29 | Create | Villager (Male) |
| 10:30 | Create | Scout Cavalry |
| 10:30 | Create | Scout Cavalry |
| 10:31 | Create | Scout Cavalry |
| 10:44 | Build | Farm |
| 10:59 | Build | Farm |
| 11:07 | Build | Palisade Wall |
| 11:21 | Create | Scout Cavalry |
| 11:24 | Build | Farm |
| 11:28 | Build | Farm |
| 11:33 | Build | Palisade Wall |
| 11:37 | Create | Villager (Male) |
| 11:45 | Build | Farm |
| 11:51 | Create | Villager (Male) |
| 11:59 | Build | House |
| 12:02 | Build | Palisade Wall |
| 12:08 | Build | Palisade Wall |
| 12:09 | Build | Palisade Wall |
| 12:11 | Build | Palisade Wall |
| 12:13 | Create | Villager (Male) |
| 12:22 | Build | Palisade Wall |
| 12:29 | Build | Farm |
| 12:33 | Create | Villager (Male) |
| 12:36 | Build | Farm |
| 12:45 | Build | Farm |
| 12:48 | Build | Farm |
| 12:53 | Create | Scout Cavalry |
| 13:09 | Build | Farm |
| 13:15 | Create | Villager (Male) |
| 13:25 | Create | Villager (Male) |
| 13:26 | Build | Mining Camp |
| 13:39 | Build | House |
| 13:44 | Create | Villager (Male) |
| 13:54 | Build | House |
| 13:55 | Build | House |
| 14:03 | Create | Scout Cavalry |
| 14:05 | Create | Scout Cavalry |
| 14:14 | Build | Farm |
| 14:14 | Create | Villager (Male) |
| 14:34 | Create | Scout Cavalry |
| 14:40 | Build | Palisade Wall |
| 14:56 | Create | Villager (Male) |
| 15:07 | Create | Villager (Male) |
| 15:19 | Build | Archery Range |
| 15:24 | Create | Scout Cavalry |
| 15:37 | Build | House |
| 15:47 | Create | Scout Cavalry |
| 15:54 | Create | Archer |
| 16:07 | Create | Villager (Male) |
| 16:14 | Create | Villager (Male) |
| 16:21 | Build | Archery Range |
| 16:21 | Create | Archer |
| 16:30 | Build | House |
| 16:36 | Create | Scout Cavalry |
| 16:37 | Create | Archer |
| 16:38 | Create | Villager (Male) |
| 16:52 | Create | Villager (Male) |
| 16:55 | Create | Archer |
| 17:01 | Create | Scout Cavalry |
| 17:02 | Create | Archer |
| 17:11 | Create | Archer |
| 17:24 | Create | Scout Cavalry |
| 17:25 | Create | Archer |
| 17:28 | Create | Villager (Male) |
| 17:43 | Build | Blacksmith |
| 17:57 | Create | Scout Cavalry |
| 17:59 | Create | Archer |
| 17:59 | Create | Villager (Male) |
| 18:12 | Build | House |
| 18:16 | Research | Fletching |
| 18:21 | Build | House |
| 18:22 | Build | House |
| 18:32 | Create | Villager (Male) |
| 18:46 | Create | Villager (Male) |
| 19:02 | Create | Villager (Male) |
| 19:03 | Create | Archer |
| 19:03 | Create | Archer |
| 19:08 | Create | Archer |
| 19:14 | Create | Archer |
| 19:24 | Build | Mill |
| 19:24 | Build | Farm |
| 19:24 | Build | Farm |
| 19:25 | Build | Farm |
| 19:28 | Create | Villager (Male) |
| 19:40 | Create | Villager (Male) |
| 19:44 | Create | Villager (Male) |
| 19:51 | Create | Villager (Male) |
| 19:54 | Create | Archer |
| 19:58 | Create | Villager (Male) |
| 20:02 | Create | Archer |
| 20:15 | Create | Villager (Male) |
| 20:31 | Create | Archer |
| 20:34 | Build | Farm |
| 20:35 | Build | Farm |
| 20:50 | Create | Scout Cavalry |
| 21:04 | Create | Villager (Male) |
| 21:10 | Create | Archer |
| 21:12 | Create | Scout Cavalry |
| 21:13 | Build | Farm |
| 21:15 | Create | Scout Cavalry |
| 21:20 | Research | Scale Barding Armor |
| 21:43 | Create | Archer |
Match timeline
| 5:55 | Chimirindo · first_building Barracks |
| 8:45 | rayklin · first_building Barracks |
| 9:01 | Chimirindo · age_up feudal |
| 9:41 | rayklin · wall_segment Palisade Wall x4 |
| 9:44 | rayklin · age_up feudal |
| 9:47 | rayklin · wall_segment Palisade Wall x1 |
| 9:50 | rayklin · first_building Stable |
| 10:03 | Chimirindo · first_building Archery Range |
| 10:06 | rayklin · wall_segment Palisade Wall x1 |
| 11:07 | rayklin · wall_segment Palisade Wall x1 |
| 11:33 | rayklin · wall_segment Palisade Wall x6 |
| 12:02 | rayklin · wall_segment Palisade Wall x1 |
| 12:08 | rayklin · wall_segment Palisade Wall x1 |
| 12:09 | rayklin · wall_segment Palisade Wall x1 |
| 12:11 | rayklin · wall_segment Palisade Wall x1 |
| 12:22 | rayklin · wall_segment Palisade Wall x1 |
| 14:40 | rayklin · wall_segment Palisade Wall x1 |
| 15:19 | rayklin · first_building Archery Range |
| 15:37 | Chimirindo · wall_segment Palisade Wall x1 |
| 17:33 | Chimirindo · wall_segment Palisade Wall x10 |
| 21:49 | Chimirindo · wall_segment Palisade Wall x1 |
| 21:50 | Chimirindo · wall_segment Palisade Wall x1 |
| 23:39 | Chimirindo · wall_segment Palisade Wall x1 |
| 23:56 | Chimirindo · age_up castle |
| 29:31 | Chimirindo · first_market_sell 100 stone |
| 30:11 | rayklin · first_market_buy 100 wood |
| 33:06 | rayklin · first_market_sell 500 wood |
| 33:28 | Chimirindo · first_building Siege Workshop |
| 35:05 | rayklin · wall_segment Palisade Wall x9 |
| 35:08 | rayklin · wall_segment Palisade Wall x1 |
| 35:24 | Chimirindo · first_market_buy 100 stone |
| 35:32 | Chimirindo · first_building Castle |
| 36:20 | rayklin · age_up castle |
| 36:43 | rayklin · first_building Siege Workshop |
| 37:24 | Chimirindo · wall_segment Palisade Wall x1 |
| 37:27 | Chimirindo · wall_segment Palisade Wall x1 |
| 37:29 | Chimirindo · wall_segment Palisade Wall x1 |
| 37:31 | Chimirindo · wall_segment Palisade Wall x1 |
| 37:36 | Chimirindo · wall_segment Palisade Wall x2 |
| 37:38 | Chimirindo · wall_segment Palisade Wall x1 |
| 38:56 | Chimirindo · resign |
[ AI ANALYSIS · 1 CREDIT ]
What really happened in this match?
Wolo.gg analyzes every decision: build order, eco, micro, common mistakes by bracket. Personalized analysis on WhatsApp or Discord in 30 seconds.
Civ guide
Vietnamese
Perfil
Chimirindo